Get step-by-step instructions on how to execute this build order below. Start the game timer, and the build order will tick by so you can play in parallel with StarCraft on a second screen or mobile device.

Game Time

  0:00

Last Step

  N/A

Next Step

  12  0:01  Probe  

Upcoming Step

  13  0:13  Probe  

Don't want to look back and forth between 2 screens? Try out our Overwolf App, the Spawning Tool Build Advisor to get an in-game overlay with this build!

Complete Build Order

  12  0:01  Probe  
  13  0:13  Probe  
  14  0:18  Pylon  
  14  0:25  Probe  
  15  0:37  Probe (Chrono Boost)  
  15  0:38  Gateway  
  16  0:43  Assimilator  
  16  0:49  Probe (Chrono Boost)  
  17  0:56  Probe (Chrono Boost)  
  18  0:58  Assimilator  
  18  1:03  Probe  
  19  1:15  Probe  
  20  1:22  Pylon  
  20  1:24  Cybernetics Core  
  20  1:33  Probe  
  21  1:45  Probe  
  22  1:56  Warp Gate (Chrono Boost)  
  22  1:57  Probe  
  23  2:02  Pylon  
  23  2:04  Pylon  
  23  2:15  Gateway  
  23  2:18  Gateway  
  23  2:20  Gateway  
  23  2:37  Gateway  
  23  2:39  Sentry  
  25  2:57  Pylon  
  25  3:20  Pylon  
  25  3:30  Stalker  
  25  3:31  Stalker  
  25  3:33  Stalker x2  
  33  3:35  Stalker  
  35  3:49  Stalker  
  37  3:56  Stalker x2  
  37  4:01  Pylon  
  41  4:06  Stalker  
  43  4:10  Sentry  
  45  4:19  Stalker  
  47  4:24  Adept  
  49  4:35  Stalker  
  49  4:37  Sentry  
  53  5:02  Stalker x3  
  47  5:44  Stalker x4  
  53  6:11  Stalker  
  53  6:12  Stalker x3